IL
MEMPHIS REDBIRDS @ EL PASO CHIHUAHUAS
08/21/2048
 
TOP OF THE 1ST
Memphis Redbirds batting - Pitching for El Paso Chihuahuas : LHP Ryan Tatum
Pitching: LHP Ryan Tatum
Batting: RHB Joe Smack 0-0: Ball
1-0: Ball
2-0: Ball
3-0: Base on Balls
Batting: RHB Fabrice Bertin 0-0: Ball
1-0: Ball
Joe Smack is caught stealing 2nd base 2-4
2-0: Ball
3-0: Called Strike
3-1: Ground out 3-1 (Groundball, 34, EV 82.5 MPH)
Batting: RHB Billy Crookston 0-0: Ball
1-0: Ball
2-0: Ball
3-0: Base on Balls
Batting: RHB Danny Gallo 0-0: Foul Ball, location: 2F
0-1: Swinging Strike
0-2: Ball
1-2: Ball
2-2: Fly out, F8 (Line Drive, 8RM, EV 96.2 MPH)
Top of the 1st over - 0 runs, 0 hits, 0 errors, 1 left on base; Memphis 0 - El Paso 0
BOTTOM OF THE 1ST
El Paso Chihuahuas batting - Pitching for Memphis Redbirds : RHP Paul Schwartz
Pitching: RHP Paul Schwartz
Batting: RHB Wally Cangro 0-0: Ball
1-0: Ball
2-0: Called Strike
2-1: Ground out 4-3 (Groundball, 4M, EV 85.6 MPH)
Batting: SHB Adam Martin 0-0: Ball
1-0: Foul Ball, location: 2F
1-1: SINGLE (Groundball, 56S, EV 71.2 MPH) (infield hit)
Batting: RHB Eric Sandell 0-0: Called Strike
0-1: Ball
1-1: Called Strike
1-2: Strikes out swinging
Batting: LHB Angel Mejia 0-0: Ball
1-0: Called Strike
1-1: Fly out, F8 (Flyball, 8LD, EV 96.9 MPH)
Bottom of the 1st over - 0 runs, 1 hit, 0 errors, 1 left on base; Memphis 0 - El Paso 0
TOP OF THE 2ND
Memphis Redbirds batting - Pitching for El Paso Chihuahuas : LHP Ryan Tatum
Batting: RHB Joe Alley 0-0: Ball
1-0: Ball
2-0: Swinging Strike
2-1: Foul Ball, location: 2F
2-2: Ball
3-2: Foul Ball, location: 2F
3-2: Strikes out swinging
Batting: RHB Jose Rivera 0-0: Ball
1-0: Called Strike
1-1: Foul Ball, location: 2F
1-2: Ball
2-2: Foul Ball, location: 2F
2-2: Foul Ball, location: 2F
2-2: SINGLE (Groundball, 6, EV 96.2 MPH)
Batting: LHB Adam Eisen Pickoff Throw to First - Out! 1-3 CS
0-0: Ground out 4-3 (Groundball, 4, EV 92.5 MPH)
Top of the 2nd over - 0 runs, 1 hit, 0 errors, 0 left on base; Memphis 0 - El Paso 0
BOTTOM OF THE 2ND
El Paso Chihuahuas batting - Pitching for Memphis Redbirds : RHP Paul Schwartz
Batting: LHB Carlos Cuellar 0-0: Swinging Strike
0-1: Ball
1-1: Swinging Strike
1-2: Ground out 1-3 (Groundball, 13, EV 76.2 MPH)
Batting: RHB Rodolfo Rivera 0-0: Called Strike
0-1: Ball
1-1: Ball
2-1: SINGLE (Groundball, 56D, EV 103.1 MPH)
Batting: RHB Kiril Emeshin 0-0: Ball
Rodolfo Rivera steals 2nd base
1-0: SINGLE (Groundball, 6MD, EV 94.4 MPH)
Rodolfo Rivera to third
Runner from 3rd tries for Home, throw by CF and OUT! 8-2
Batting: RHB Matt Fabre 0-0: Ball
1-0: Called Strike
1-1: Ball
2-1: Foul Ball, location: 2F
2-2: Ball
3-2: Foul Ball, location: 2F
3-2: Foul Ball, location: 2F
3-2: Base on Balls
Kiril Emeshin to second
Batting: RHB Lamberto Amicis 0-0: Called Strike
0-1: SINGLE (Groundball, 5S, EV 67.5 MPH) (infield hit)
Kiril Emeshin to third
Matt Fabre to second
Batting: RHB Wally Cangro 0-0: Foul Ball, location: 2F
0-1: Ball
1-1: Ball
2-1: Fly out, F9 (Flyball, 9LM, EV 93.8 MPH)
Bottom of the 2nd over - 0 runs, 3 hits, 0 errors, 3 left on base; Memphis 0 - El Paso 0
TOP OF THE 3RD
Memphis Redbirds batting - Pitching for El Paso Chihuahuas : LHP Ryan Tatum
Batting: RHB Dave Cluster 0-0: Called Strike
0-1: Ground out 6-3 (Groundball, 6, EV 101.2 MPH)
Batting: LHB Kyle Schaible 0-0: Ball
1-0: Foul Ball, location: 2F
1-1: Called Strike
1-2: Ball
2-2: Fly out, F9 (Flyball, 89S, EV 92.5 MPH)
Batting: RHB Joe Smack 0-0: Ball
1-0: Called Strike
1-1: Ball
2-1: Ball
3-1: Base on Balls
Batting: RHB Fabrice Bertin 0-0: Ball
1-0: Ball
2-0: Called Strike
2-1: Ball
3-1: Swinging Strike
3-2: Reached on error, E5 (Groundball, 56S, EV 86.9 MPH)
Joe Smack to third
Batting: RHB Billy Crookston 0-0: Ball
1-0: SINGLE (Line Drive, 9S, EV 93.8 MPH)
Joe Smack scores
Fabrice Bertin to third
Runner from 3rd tries for Home, SAFE, throw by RF to home
Batting: RHB Danny Gallo 0-0: Called Strike
0-1: SINGLE (Groundball, 23, EV 69.4 MPH) (infield hit)
Billy Crookston to second
Batting: RHB Joe Alley 0-0: Called Strike
0-1: Fielders Choice at 2nd, 6-4 (Groundball, 6, EV 88.1 MPH)
Top of the 3rd over - 2 runs, 2 hits, 1 error, 2 left on base; Memphis 2 - El Paso 0
BOTTOM OF THE 3RD
El Paso Chihuahuas batting - Pitching for Memphis Redbirds : RHP Paul Schwartz
Batting: SHB Adam Martin 0-0: Ground out 4-3 (Groundball, 4, EV 80.0 MPH)
Batting: RHB Eric Sandell 0-0: Called Strike
0-1: Ball
1-1: Swinging Strike
1-2: Foul Ball, location: 2F
1-2: Ball
2-2: Strikes out looking
Batting: LHB Angel Mejia 0-0: Foul Ball, location: 2F
0-1: Ball
1-1: Ball
2-1: Foul Ball, location: 2F
2-2: Ground out 3-1 (Groundball, 34, EV 106.9 MPH)
Bottom of the 3rd over - 0 runs, 0 hits, 0 errors, 0 left on base; Memphis 2 - El Paso 0
TOP OF THE 4TH
Memphis Redbirds batting - Pitching for El Paso Chihuahuas : LHP Ryan Tatum
Batting: RHB Jose Rivera 0-0: Ball
1-0: Called Strike
1-1: Foul Ball, location: 2F
1-2: Strikes out looking
Batting: LHB Adam Eisen 0-0: Fly out, F8 (Flyball, 89M, EV 84.4 MPH)
Batting: RHB Dave Cluster 0-0: Called Strike
0-1: Ball
1-1: Ball
2-1: Ball
3-1: Called Strike
3-2: Strikes out swinging
Top of the 4th over - 0 runs, 0 hits, 0 errors, 0 left on base; Memphis 2 - El Paso 0
BOTTOM OF THE 4TH
El Paso Chihuahuas batting - Pitching for Memphis Redbirds : RHP Paul Schwartz
Batting: LHB Carlos Cuellar 0-0: Called Strike
0-1: Swinging Strike
0-2: Foul Ball, location: 2F
0-2: Foul Ball, location: 2F
0-2: Ball
1-2: Fly out, F5 (Popup, 5F, EV 63.8 MPH)
Batting: RHB Rodolfo Rivera 0-0: Ground out 1-3 (Groundball, 34S, EV 69.4 MPH)
Batting: RHB Kiril Emeshin 0-0: Foul Ball, location: 2F
0-1: Ball
1-1: Fly out, F9 (Flyball, 9S, EV 86.2 MPH)
Bottom of the 4th over - 0 runs, 0 hits, 0 errors, 0 left on base; Memphis 2 - El Paso 0
TOP OF THE 5TH
Memphis Redbirds batting - Pitching for El Paso Chihuahuas : LHP Ryan Tatum
Batting: LHB Kyle Schaible 0-0: Fly out, F7 (Flyball, 7, EV 82.5 MPH)
Batting: RHB Joe Smack 0-0: Called Strike
0-1: Foul Ball, location: 2F
0-2: Ground out 4-3 (Groundball, 4, EV 99.4 MPH)
Batting: RHB Fabrice Bertin 0-0: Foul Ball, location: 2F
0-1: Swinging Strike
0-2: Ground out 5-3 (Groundball, 56S, EV 78.1 MPH)
Top of the 5th over - 0 runs, 0 hits, 0 errors, 0 left on base; Memphis 2 - El Paso 0
BOTTOM OF THE 5TH
El Paso Chihuahuas batting - Pitching for Memphis Redbirds : RHP Paul Schwartz
Batting: RHB Matt Fabre 0-0: Called Strike
0-1: Foul Ball, location: 2F
0-2: Ball
1-2: Foul Ball, location: 2F
1-2: Strikes out swinging
Batting: RHB Lamberto Amicis 0-0: Ball
1-0: Called Strike
1-1: Ball
2-1: SINGLE (Groundball, 6MD, EV 105.0 MPH)
Batting: RHB Wally Cangro 0-0: Ball
1-0: Ground out 4-3 (Groundball, 34, EV 103.8 MPH)
Lamberto Amicis to second
Batting: SHB Adam Martin 0-0: Swinging Strike
0-1: Ball
1-1: Foul Ball, location: 2F
1-2: Ball
2-2: Ball
3-2: DOUBLE (Line Drive, 3D, EV 96.2 MPH)
Lamberto Amicis scores
Batting: RHB Eric Sandell 0-0: Fly out, F7 (Flyball, 7, EV 90.6 MPH)
Bottom of the 5th over - 1 run, 2 hits, 0 errors, 1 left on base; Memphis 2 - El Paso 1
TOP OF THE 6TH
Memphis Redbirds batting - Pitching for El Paso Chihuahuas : LHP Ryan Tatum
Batting: RHB Billy Crookston 0-0: Ball
1-0: Ground out 5-3 (Groundball, 56S, EV 92.5 MPH)
Batting: RHB Danny Gallo 0-0: Called Strike
0-1: SINGLE (Groundball, 6D, EV 103.1 MPH)
Batting: RHB Joe Alley 0-0: Foul Ball, location: 2F
0-1: Ball
1-1: Fly out, F3 (Line Drive, 3, EV 69.4 MPH)
Batting: RHB Jose Rivera 0-0: Ball
1-0: Fielders Choice at 2nd, 6-4 (Groundball, 6, EV 103.1 MPH)
Top of the 6th over - 0 runs, 1 hit, 0 errors, 1 left on base; Memphis 2 - El Paso 1
BOTTOM OF THE 6TH
El Paso Chihuahuas batting - Pitching for Memphis Redbirds : RHP Paul Schwartz
Batting: LHB Angel Mejia 0-0: Ball
1-0: Swinging Strike
1-1: Ground out U3 (Groundball, 34S, EV 81.2 MPH)
Batting: LHB Carlos Cuellar 0-0: Ground out 5-3 (Groundball, 56, EV 102.5 MPH)
Batting: RHB Rodolfo Rivera 0-0: Fly out, F6 (Line Drive, 6, EV 60.0 MPH)
Bottom of the 6th over - 0 runs, 0 hits, 0 errors, 0 left on base; Memphis 2 - El Paso 1
TOP OF THE 7TH
Memphis Redbirds batting - Pitching for El Paso Chihuahuas : LHP Ryan Tatum
Batting: LHB Adam Eisen 0-0: Ball
1-0: Ball
2-0: Foul Ball, location: 2F
2-1: Foul Ball, location: 2F
2-2: Strikes out swinging
Batting: RHB Dave Cluster 0-0: Ball
1-0: Ball
2-0: Foul Ball, location: 2F
2-1: Ground out 6-3 (Groundball, 6, EV 105.0 MPH)
Batting: LHB Kyle Schaible 0-0: Ball
1-0: DOUBLE (Line Drive, 5D, EV 95.0 MPH)
Batting: RHB Joe Smack 0-0: Ball
1-0: DOUBLE (Line Drive, 9LM, EV 89.4 MPH)
Kyle Schaible scores
Batting: RHB Fabrice Bertin 0-0: Ball
1-0: Called Strike
1-1: Ball
2-1: SINGLE (Groundball, 34D, EV 104.4 MPH)
Joe Smack to third
Runner from 3rd tries for Home, SAFE, throw by RF to home
Pitching: RHP Adrian de la Cerda
Batting: RHB Billy Crookston 0-0: Ball
1-0: Ball
2-0: Called Strike
2-1: Swinging Strike
2-2: Foul Ball, location: 2F
2-2: Strikes out swinging
Top of the 7th over - 2 runs, 3 hits, 0 errors, 1 left on base; Memphis 4 - El Paso 1
BOTTOM OF THE 7TH
El Paso Chihuahuas batting - Pitching for Memphis Redbirds : RHP Paul Schwartz
Batting: RHB Kiril Emeshin 0-0: Foul Ball, location: 2F
0-1: Swinging Strike
0-2: Fly out, F7 (Line Drive, 78M, EV 90.6 MPH)
Batting: RHB Matt Fabre 0-0: Ball
1-0: SINGLE (Groundball, 4M, EV 103.1 MPH) (infield hit)
Batting: RHB Lamberto Amicis 0-0: Ball
1-0: Called Strike
1-1: Fielders Choice at 2nd, 5-4 (Groundball, 15, EV 86.9 MPH)
Batting: RHB Wally Cangro 0-0: Ball
1-0: Ball
2-0: Fielders Choice at 2nd, 5-4 (Groundball, 56, EV 100.0 MPH)
Bottom of the 7th over - 0 runs, 1 hit, 0 errors, 1 left on base; Memphis 4 - El Paso 1
TOP OF THE 8TH
Memphis Redbirds batting - Pitching for El Paso Chihuahuas : RHP Adrian de la Cerda
Batting: RHB Danny Gallo 0-0: Ball
1-0: Ball
2-0: Foul Ball, location: 2F
2-1: Called Strike
2-2: Foul Ball, location: 2F
2-2: Strikes out looking
Batting: RHB Joe Alley 0-0: Called Strike
0-1: Hit by Pitch
Batting: RHB Jose Rivera 0-0: Called Strike
0-1: Ball
1-1: Called Strike
1-2: SINGLE (Flyball, 34D, EV 84.4 MPH)
Joe Alley to second
Batting: LHB Adam Eisen 0-0: Ball
1-0: Called Strike
1-1: Swinging Strike
1-2: Strikes out swinging
Batting: RHB Dave Cluster 0-0: Fielders Choice at 2nd, 6-4 (Groundball, 6, EV 86.2 MPH)
Top of the 8th over - 0 runs, 1 hit, 0 errors, 2 left on base; Memphis 4 - El Paso 1
BOTTOM OF THE 8TH
El Paso Chihuahuas batting - Pitching for Memphis Redbirds : RHP Paul Schwartz
Batting: SHB Adam Martin 0-0: Ball
1-0: Ball
2-0: TRIPLE (Flyball, 78XD, EV 109.4 MPH)
Pitching: RHP Mike Tallerico
Batting: RHB Eric Sandell 0-0: Ball
1-0: Ball
2-0: Called Strike
2-1: Ball
3-1: Foul Ball, location: 2F
3-2: Strikes out swinging
Batting: LHB Angel Mejia 0-0: Fly out, F8 (Flyball, 78M, EV 78.1 MPH)
Runner from 3rd tags up, SCORES, throw by CF
Batting: LHB Carlos Cuellar 0-0: Called Strike
0-1: Ball
1-1: Ball
2-1: DOUBLE (Groundball, 5L, EV 98.1 MPH)
Batting: RHB Rodolfo Rivera 0-0: Foul Ball, location: 2F
0-1: Ball
1-1: Swinging Strike
1-2: Strikes out looking
Bottom of the 8th over - 1 run, 2 hits, 0 errors, 1 left on base; Memphis 4 - El Paso 2
TOP OF THE 9TH
Memphis Redbirds batting - Pitching for El Paso Chihuahuas : RHP Adrian de la Cerda
Pitching: LHP Darby Jones
Pinch Hitting: RHB Dan Boykins 0-0: Foul Ball, location: 2F
0-1: Ball
1-1: Foul Ball, location: 2F
1-2: Ground out 3-1 (Groundball, 34, EV 79.4 MPH)
Pitching: RHP Nate Ragain
Batting: RHB Joe Smack 0-0: Ball
1-0: Ball
2-0: Called Strike
2-1: Swinging Strike
2-2: Ball
3-2: Foul Ball, location: 2F
3-2: Foul Ball, location: 2F
3-2: Base on Balls
Batting: RHB Fabrice Bertin 0-0: Called Strike
0-1: Foul Ball, location: 2F
0-2: Grounds into double play, 6-4-3 (Groundball, 6, EV 80.0 MPH)
Top of the 9th over - 0 runs, 0 hits, 0 errors, 0 left on base; Memphis 4 - El Paso 2
BOTTOM OF THE 9TH
El Paso Chihuahuas batting - Pitching for Memphis Redbirds : RHP Mike Tallerico
Pitching: RHP Josh Sabatino
Now at 2B: John Bailey
Batting: RHB Kiril Emeshin 0-0: Ball
1-0: Ball
2-0: Foul Ball, location: 2F
2-1: Ground out 6-3 (Groundball, 56, EV 92.5 MPH)
Pinch Hitting: LHB Hugo MacBeth 0-0: SINGLE (Flyball, 8LS, EV 85.0 MPH)
Pinch Hitting: LHB Anthony Mosley 0-0: Called Strike
0-1: Ball
1-1: Foul Ball, location: 2F
1-2: Ball
2-2: Foul Ball, location: 2F
2-2: Fielders Choice at 2nd, 1-6 (Groundball, 13S, EV 65.6 MPH)
Batting: RHB Wally Cangro 0-0: Fly out, F7 (Flyball, 8LS, EV 88.8 MPH)
Bottom of the 9th over - 0 runs, 1 hit, 0 errors, 1 left on base; Memphis 4 - El Paso 2
Tuesday, March 28th , 2023 - OOTP Baseball 23.10 Build 110